 Dungeon Crawl Stone Soup version 0.22-b1-26-g9dbaab1 (webtiles) character file.

10196 Goblin1989 the Blocker (level 11, -14/89 HPs)
             Began as a Gnoll Fighter on Aug 8, 2018.
             Was an Elder of Okawaru.
             Engulfed by a cloud of freezing vapour (25 damage)
             ... in an ice cave.
             The game lasted 00:26:03 (13300 turns).

Goblin1989 the Blocker (Gnoll Fighter)             Turns: 13300, Time: 00:26:03

Health: -14/89     AC: 14    Str: 20    XL:     11   Next: 58%
Magic:  20/20      EV: 12    Int: 13    God:    Okawaru [****..]
Gold:   643        SH: 12    Dex: 14    Spells: 22/22 levels left

rFire    . . .     SeeInvis .   a - +6 war axe
rCold    . . .     Gourm    .   c - +0 shield
rNeg     + . .     Faith    .   G - +0 chain mail
rPois    .         Spirit   .   u - +0 helmet
rElec    .         Reflect  .   (no cloak)
rCorr    .         Harm     .   (no gloves)
MR       .....                  D - +0 pair of boots
Stlth    ..........             (no amulet)
HPRegen  0.24/turn              X - +2 ring of evasion
MPRegen  0.17/turn              K - ring of positive energy

@: no status effects
A: distributed training, fangs 1, strong nose
a: Heroism, Renounce Religion


You were in an ice cave.
You worshipped Okawaru.
Okawaru was greatly pleased with you.
You were not hungry.

You visited 3 branches of the dungeon, and saw 12 of its levels.
You also visited: Ice Cave.

You collected 643 gold pieces.

Inventory:

Hand Weapons
 a - a +6 war axe (weapon)
 b - a +5 flail
 p - a +0 broad axe
 I - the +2 war axe "Antoud" {pain, +Rage rN++ Int+2 Dex+4}
   (You found it on level 1 of the Lair of Beasts)

   In the hands of one skilled in necromantic magic, it inflicts extra damage on
   living creatures.
   It affects your intelligence (+2).
   It affects your dexterity (+4).
   It greatly protects you from negative energy.
   It lets you go berserk.
 N - a +2 flail of freezing
Missiles
 H - 5 curare-tipped needles
 L - 8 javelins (quivered) {@Q2}
 Z - 2 throwing nets {!d , @Q1}
Armour
 c - a +0 shield (worn)
 i - a +2 scale mail of fire resistance
 u - a +0 helmet (worn)
 D - a +0 pair of boots (worn)
 G - a +0 chain mail (worn)
Jewellery
 l - an uncursed ring of flight
 K - a ring of positive energy (right hand)
 X - a +2 ring of evasion (left hand)
Wands
 f - a wand of paralysis (19) {@v7}
 q - a wand of polymorph (4)
 W - a wand of disintegration (11)
Scrolls
 j - 5 scrolls of remove curse {@r3}
 m - 2 scrolls of enchant weapon
 r - 2 scrolls of noise
 s - 3 scrolls of immolation
 y - 4 scrolls of amnesia
 B - a scroll of blinking
 Q - a scroll of fog
 R - 11 scrolls of identify {@r1}
 T - 5 scrolls of teleportation {!r, @r2}
Potions
 g - a potion of heal wounds
 o - 2 potions of might {@q4}
 x - a potion of cancellation
 F - a potion of mutation {unknown}
 O - 2 potions of haste {@q3,}
 P - a potion of resistance {unknown}
 S - a potion of invisibility
 V - a potion of brilliance
 Y - 2 potions of berserk rage
Miscellaneous
 M - a phantom mirror
Comestibles
 e - 18 rations


   Skills:
 + Level 9.2 Fighting
 + Level 6.3 Short Blades
 + Level 6.3 Long Blades
 + Level 7.9 Axes
 + Level 6.3 Maces & Flails
 + Level 6.3 Polearms
 + Level 6.3 Staves
 + Level 6.3 Slings
 + Level 6.3 Bows
 + Level 6.3 Crossbows
 + Level 6.3 Throwing
 + Level 9.2 Armour
 + Level 6.3 Dodging
 + Level 6.3 Stealth
 + Level 9.2 Shields
 + Level 6.3 Unarmed Combat
 + Level 6.3 Spellcasting
 + Level 5.2 Conjurations
 + Level 5.2 Hexes
 + Level 5.2 Charms
 + Level 5.2 Summonings
 + Level 5.2 Necromancy
 + Level 5.2 Translocations
 + Level 5.2 Transmutations
 + Level 5.2 Fire Magic
 + Level 5.2 Ice Magic
 + Level 5.2 Air Magic
 + Level 5.2 Earth Magic
 + Level 5.2 Poison Magic
 + Level 6.9 Invocations
 + Level 6.3 Evocations


You had 22 spell levels left.
You didn't know any spells.
Your spell library contained the following spells:

 Spells                   Type           Power        Failure   Level  Hunger
 Lightning Bolt           Conj/Air       ###.......   100%        5    ######.
 Teleport Other           Tloc           ###.....     65%         3    ###....
 Summon Small Mammal      Summ           ###.         30%         1    None
 Summon Ice Beast         Ice/Summ       ###.....     96%         4    ####...
 Call Imp                 Summ           ###.....     41%         2    #......
 Tukima's Dance           Hex            ###.....     65%         3    ###....
 Shock                    Conj/Air       ###.         30%         1    None
 Swiftness                Chrm/Air       ###.....     41%         2    #......
 Recall                   Summ/Tloc      N/A          65%         3    ###....
 Spider Form              Tmut/Pois      ###.......   65%         3    ###....
 Deflect Missiles         Chrm/Air       ###.......   100%        6    #######
 Airstrike                Air            ###.......   96%         4    ####...
 Call Canine Familiar     Summ           ###.....     65%         3    ###....
 Silence                  Hex/Air        ###.......   100%        5    ######.
 Static Discharge         Conj/Air       ###.....     65%         3    ###....
 Conjure Ball Lightning   Conj/Air       ###.......   100%        6    #######
 Tornado                  Air            ###.......   100%        9    #######
 Summon Lightning Spire   Summ/Air       ###.....     96%         4    ####...
 Summon Guardian Golem    Hex/Summ       ###.....     65%         3    ###....


Dungeon Overview and Level Annotations

Branches:
Dungeon (8/15)             Temple (1/1) D:6            Lair (3/6) D:8
  Swamp: Lair:2-4    Shoals: Lair:2-4     Snake: Lair:2-4    Spider: Lair:2-4

Altars:
Ashenzari
Cheibriados
Dithmenos
Elyvilon
Fedhas
Gozag
Hepliaklqana
Kikubaaqudgha
Makhleb
Nemelex Xobeh
Okawaru
Qazlal
Ru
Sif Muna
Trog
Uskayaw
Vehumet
Wu Jian
Xom
Zin
The Shining One

Annotations:
D:7 1 runed door


Innate Abilities, Weirdness & Mutations

Your experience applies equally to all skills.
You have very sharp teeth.
Your uncanny sense of smell can sniff out nearby items.


Message History

The polar bear claws you but does no damage. x2
You take 18 damage, and have 52/89 hp.
MASSIVE DAMAGE!!
You are too injured to fight recklessly!
Unknown command.
You are too injured to fight recklessly!
Unknown command.
You are too injured to fight recklessly!
Unknown command.
You are too injured to fight recklessly!
Unknown command.
You slash the polar bear!
The polar bear is heavily wounded.
You closely miss the wolf. The wolf bites you but does no damage.
The polar bear bites you.
The polar bear claws you but does no damage.
You block the polar bear's attack. You block the wolf's attack.
You take 6 damage, and have 46/89 hp.
You slash the polar bear!
The polar bear is almost dead.
You barely miss the wolf. The wolf bites you but does no damage.
The polar bear goes berserk!
The wolf bites you but does no damage.
Unknown command.
You hit the polar bear.
The polar bear is almost dead.
You miss the wolf. The wolf bites you. You block the polar bear's attack.
The polar bear claws you but does no damage.
You block the polar bear's attack. The wolf barely misses you.
The polar bear closely misses you.
The polar bear claws you but does no damage.
The polar bear closely misses you.
You take 6 damage, and have 41/89 hp.
You barely miss the polar bear.
The polar bear is almost dead.
You closely miss the wolf. The wolf bites you!
* * * LOW HITPOINT WARNING * * *
The polar bear closely misses you.
The polar bear claws you but does no damage.
You block the polar bear's attack. The wolf bites you but does no damage.
You take 8 damage, and have 33/89 hp.
You slash the polar bear!
You kill the polar bear!
Okawaru accepts your kill.
You miss the wolf. You block the wolf's attack.
Unknown command.
You block the wolf's attack. The wolf bites you.
* * * LOW HITPOINT WARNING * * *
You see here a polar bear corpse.
You take 6 damage, and have 28/89 hp.
Unknown command.
You block the wolf's attack.
Unknown command.
Your shield and chain mail prevent you from hitting the wolf.
You bite the wolf, but do no damage.
The wolf is moderately wounded.
The wolf bites you but does no damage. You block the wolf's attack.
You hit the wolf.
The wolf is heavily wounded.
The wolf bites you but does no damage. The wolf bites you.
* * * LOW HITPOINT WARNING * * *
You take 1 damage, and have 27/89 hp.
You closely miss the wolf. You bite the wolf, but do no damage.
The wolf is heavily wounded.
You block the wolf's attack. The wolf barely misses you.
You closely miss the wolf.
The wolf is heavily wounded.
You block the wolf's attack. x2
You closely miss the wolf.
The wolf is heavily wounded.
The wolf bites you but does no damage. x2
You slash the wolf!
You kill the wolf!
Okawaru accepts your kill.
You see here a wolf corpse.
You butcher the wolf corpse.
U - 3 chunks of flesh You see here a wolf skeleton.
You start resting.
You start resting.
All of the chunks of flesh in your inventory have rotted away.
HP restored.
Health restored: 89 Unknown command.
s - 3 scrolls of immolation (gained 1) Partly explored, can't reach some places.
Partly explored, can't reach some places.
You are engulfed in freezing vapours.
You take 21 damage, and have 68/89 hp.
MASSIVE DAMAGE!!
You are engulfed in freezing vapours.
You take 10 damage, and have 58/89 hp.
You are engulfed in freezing vapours.
* * * LOW HITPOINT WARNING * * *
You take 21 damage, and have 37/89 hp.
MASSIVE DAMAGE!!
You are engulfed in freezing vapours.
* * * LOW HITPOINT WARNING * * *
You take 15 damage, and have 22/89 hp.
You are engulfed in freezing vapours.
* * * LOW HITPOINT WARNING * * *
You take 11 damage, and have 11/89 hp.
You are engulfed in freezing vapours.
You die... ███████

██.█...███
█████.....█§§██
██..∩██..████§§█
█∩..████..███§§█
█....█ █..██§§§██
█...████...██§§§██
██..████...████@§.█
█...██...███ █§███
█..██÷..██ }█.
█......██ ██ §§
██..÷███ ███


█████ There were no monsters in sight!

Vanquished Creatures
  2 hydras
  3 spiny frogs
  4 komodo dragons
  2 hornets
  A polar bear (IceCv)
  2 dream sheep (D:8)
  Sigmund (D:4)
  6 yaks
  A hungry ghost (D:8)
  Menkaure (D:4)
  3 water moccasins
  A porcupine (Lair:2)
  3 ice beasts (Lair:3)
  An orc warrior (D:8)
  4 necrophages (Lair:2)
  2 phantoms
  4 centaurs
  6 wolves
  6 ogres
  A crocodile (Lair:2)
  4 big kobolds (D:8)
  A wyvern zombie (D:6)
  2 bullfrogs
  3 scorpions
  6 wights
  4 howler monkeys
  A crimson imp (D:6)
  A quasit (D:8)
  A jelly (D:7)
  A gnoll shaman (D:4)
  2 orc priests
  A bullfrog skeleton (D:5)
  Terence (D:2)
  3 iguanas
  2 orc wizards
  Natasha (thrice) (D:3)
  2 hell rats (Lair:1)
  6 worker ants
  3 worker ant zombies
  3 gnolls
  15 adders
  8 river rats (Lair:1)
  A shadow imp (D:5)
  An adder skeleton (D:7)
  2 adder zombies (D:6)
  3 worms
  5 leopard geckos
  26 orcs
  3 giant cockroaches
  10 goblins
  8 hobgoblins
  7 jackals
  4 quokkas
  A ball python (D:3)
  3 bats
  4 frilled lizards
  9 kobolds
  2 quokka skeletons (D:4)
  4 rats
220 creatures vanquished.

Vanquished Creatures (others)
  An orc wizard (D:5)
  A plant (Lair:1)
  A withered plant (D:3)
3 creatures vanquished.

Grand Total: 223 creatures vanquished

Notes
Turn   | Place    | Note
-------+----------+-------------------------------------------
     0 | D:1      | Goblin1989 the Gnoll Fighter began the quest for the Orb.
     0 | D:1      | Reached XP level 1. HP: 23/23 MP: 1/1
   193 | D:1      | Reached XP level 2. HP: 29/29 MP: 2/2
   619 | D:2      | Reached XP level 3. HP: 33/35 MP: 3/3
   752 | D:2      | Noticed Terence
   948 | D:2      | Killed Terence
   948 | D:2      | Reached skill level 1 in Invocations
  1173 | D:2      | Reached skill level 1 in Short Blades
  1173 | D:2      | Reached skill level 1 in Long Blades
  1173 | D:2      | Reached skill level 1 in Maces & Flails
  1173 | D:2      | Reached skill level 1 in Polearms
  1173 | D:2      | Reached skill level 1 in Staves
  1173 | D:2      | Reached skill level 1 in Slings
  1173 | D:2      | Reached skill level 1 in Bows
  1173 | D:2      | Reached skill level 1 in Crossbows
  1173 | D:2      | Reached skill level 1 in Throwing
  1173 | D:2      | Reached skill level 1 in Dodging
  1173 | D:2      | Reached skill level 1 in Stealth
  1173 | D:2      | Reached skill level 1 in Unarmed Combat
  1173 | D:2      | Reached skill level 1 in Spellcasting
  1173 | D:2      | Reached skill level 1 in Evocations
  1308 | D:3      | Reached XP level 4. HP: 39/41 MP: 5/5
  1355 | D:3      | Noticed a dagger
  1356 | D:3      | Noticed a hand axe
  1359 | D:3      | Found a hide-covered altar of Uskayaw.
  1567 | D:3      | Reached skill level 1 in Conjurations
  1567 | D:3      | Reached skill level 1 in Hexes
  1567 | D:3      | Reached skill level 1 in Charms
  1567 | D:3      | Reached skill level 1 in Summonings
  1567 | D:3      | Reached skill level 1 in Necromancy
  1567 | D:3      | Reached skill level 1 in Translocations
  1567 | D:3      | Reached skill level 1 in Transmutations
  1567 | D:3      | Reached skill level 1 in Fire Magic
  1567 | D:3      | Reached skill level 1 in Ice Magic
  1567 | D:3      | Reached skill level 1 in Air Magic
  1567 | D:3      | Reached skill level 1 in Earth Magic
  1567 | D:3      | Reached skill level 1 in Poison Magic
  1578 | D:3      | Found an ancient bone altar of Kikubaaqudgha.
  1578 | D:3      | Noticed an ogre
  1583 | D:3      | Killed an ogre
  1583 | D:3      | Reached XP level 5. HP: 35/47 MP: 5/7
  1852 | D:3      | Noticed Natasha
  1860 | D:3      | Killed Natasha
  1993 | D:3      | Noticed Natasha
  2004 | D:3      | Killed Natasha
  2004 | D:3      | Reached XP level 6. HP: 28/53 MP: 8/8
  2151 | D:3      | Noticed Natasha
  2157 | D:3      | Killed Natasha
  2298 | D:4      | Noticed Menkaure
  2351 | D:4      | Reached skill level 5 in Axes
  2867 | D:4      | Killed Menkaure
  2867 | D:4      | Reached XP level 7. HP: 55/60 MP: 10/10
  3349 | D:4      | Noticed Sigmund
  3371 | D:4      | Killed Sigmund
  3371 | D:4      | Reached XP level 8. HP: 36/67 MP: 10/12
  3725 | D:5      | Entered Level 5 of the Dungeon
  4852 | D:6      | Found a sparkling altar of Nemelex Xobeh.
  5096 | D:6      | Reached XP level 9. HP: 51/72 MP: 14/14
  5354 | D:6      | Found an opulent altar of Gozag.
  5356 | D:6      | Found a deep blue altar of Sif Muna.
  5361 | D:6      | Found a glowing silver altar of Zin.
  5361 | D:6      | Found a bloodstained altar of Trog.
  5408 | D:6      | Found a snail-covered altar of Cheibriados.
  5843 | D:6      | Found a staircase to the Ecumenical Temple.
  5851 | Temple   | Entered the Ecumenical Temple
  6057 | Temple   | Became a worshipper of Warmaster Okawaru
  6576 | D:7      | Found a runed door.
  6576 | D:7      | Noticed a sixfirhy
  7127 | D:7      | Noticed a hornet
  7137 | D:7      | Killed a hornet
  7137 | D:7      | Reached * piety under Okawaru
  8675 | D:8      | Noticed a hornet
  8691 | D:8      | Killed a hornet
  8691 | D:8      | Reached skill level 5 in Invocations
  9185 | D:8      | Found a staircase to the Lair.
  9190 | D:8      | Reached XP level 10. HP: 70/80 MP: 17/17
  9911 | D:8      | Reached ** piety under Okawaru
  9967 | D:8      | Reached skill level 5 in Short Blades
  9967 | D:8      | Reached skill level 5 in Long Blades
  9967 | D:8      | Reached skill level 5 in Maces & Flails
  9967 | D:8      | Reached skill level 5 in Polearms
  9967 | D:8      | Reached skill level 5 in Staves
  9967 | D:8      | Reached skill level 5 in Slings
  9967 | D:8      | Reached skill level 5 in Bows
  9967 | D:8      | Reached skill level 5 in Crossbows
  9967 | D:8      | Reached skill level 5 in Throwing
  9967 | D:8      | Reached skill level 5 in Dodging
  9967 | D:8      | Reached skill level 5 in Stealth
  9967 | D:8      | Reached skill level 5 in Unarmed Combat
  9967 | D:8      | Reached skill level 5 in Spellcasting
  9967 | D:8      | Reached skill level 5 in Evocations
 10031 | D:8      | Noticed a three-headed hydra
 10040 | D:8      | Killed a three-headed hydra
 10169 | Lair:1   | Entered Level 1 of the Lair of Beasts
 10172 | Lair:1   | Reached *** piety under Okawaru
 10179 | Lair:1   | Noticed a spiny frog
 10188 | Lair:1   | Killed a spiny frog
 10330 | Lair:1   | Reached XP level 11. HP: 74/87 MP: 17/19
 10497 | Lair:1   | Reached **** piety under Okawaru
 10869 | Lair:1   | Got a shimmering war axe
 10870 | Lair:1   | Identified the cursed +2 war axe "Antoud" {pain, +Rage rN++ Int+2 Dex+4} (You found it on level 1 of the Lair of Beasts)
 11352 | Lair:2   | Noticed a four-headed hydra
 11365 | Lair:2   | Killed a four-headed hydra
 11365 | Lair:2   | Reached skill level 5 in Conjurations
 11365 | Lair:2   | Reached skill level 5 in Hexes
 11365 | Lair:2   | Reached skill level 5 in Charms
 11365 | Lair:2   | Reached skill level 5 in Summonings
 11365 | Lair:2   | Reached skill level 5 in Necromancy
 11365 | Lair:2   | Reached skill level 5 in Translocations
 11365 | Lair:2   | Reached skill level 5 in Transmutations
 11365 | Lair:2   | Reached skill level 5 in Fire Magic
 11365 | Lair:2   | Reached skill level 5 in Ice Magic
 11365 | Lair:2   | Reached skill level 5 in Air Magic
 11365 | Lair:2   | Reached skill level 5 in Earth Magic
 11365 | Lair:2   | Reached skill level 5 in Poison Magic
 12309 | Lair:2   | Identified Witchcraft in Simple Steps
 12688 | Lair:3   | Found a frozen archway.
 12697 | IceCv    | Entered an ice cave
 13300 | IceCv    | Engulfed by a cloud of freezing vapour

Skill      XL: |  1  2  3  4  5  6  7  8  9 10 11 |
---------------+----------------------------------+-----
Invocations    | 1 2 3 4 5 6 |  6.9
Short Blades   | 1 2 3 4 5 6 |  6.3
Long Blades    | 1 2 3 4 5 6 |  6.3
Maces & Flails | 1 2 3 4 5 6 |  6.3
Polearms       | 1 2 3 4 5 6 |  6.3
Staves         | 1 2 3 4 5 6 |  6.3
Slings         | 1 2 3 4 5 6 |  6.3
Bows           | 1 2 3 4 5 6 |  6.3
Crossbows      | 1 2 3 4 5 6 |  6.3
Throwing       | 1 2 3 4 5 6 |  6.3
Dodging        | 1 2 3 4 5 6 |  6.3
Stealth        | 1 2 3 4 5 6 |  6.3
Unarmed Combat | 1 2 3 4 5 6 |  6.3
Spellcasting   | 1 2 3 4 5 6 |  6.3
Evocations     | 1 2 3 4 5 6 |  6.3
Conjurations   | 1 2 3 4 5 |  5.2
Hexes          | 1 2 3 4 5 |  5.2
Charms         | 1 2 3 4 5 |  5.2
Summonings     | 1 2 3 4 5 |  5.2
Necromancy     | 1 2 3 4 5 |  5.2
Translocations | 1 2 3 4 5 |  5.2
Transmutations | 1 2 3 4 5 |  5.2
Fire Magic     | 1 2 3 4 5 |  5.2
Ice Magic      | 1 2 3 4 5 |  5.2
Air Magic      | 1 2 3 4 5 |  5.2
Earth Magic    | 1 2 3 4 5 |  5.2
Poison Magic   | 1 2 3 4 5 |  5.2
Axes           | 5 6 7 |  7.9
Fighting       | 7 8 9 |  9.2
Armour         | 7 8 9 |  9.2
Shields        | 7 8 9 |  9.2

Action                   |  1- 3 |  4- 6 |  7- 9 | 10-12 || total
-------------------------+-------+-------+-------+-------++-------
Melee: War axe           |    60 |   138 |   392 |   199 ||   789
       Bite              |    11 |    20 |    60 |    29 ||   120
       Unarmed           |     2 |       |       |       ||     2
       Flail             |       |       |       |    18 ||    18
Invok: Heroism           |       |       |     1 |    11 ||    12
  Use: Potion            |     2 |       |     4 |     1 ||     7
       Scroll            |       |       |       |    18 ||    18
 Stab: Sleeping          |       |       |     1 |     1 ||     2
  Eat: Chunk             |     1 |     5 |    11 |     5 ||    22
       Ration            |       |       |     5 |     2 ||     7
Armor: Scale mail        |    18 |    40 |   129 |    32 ||   219
       Skin              |       |       |     5 |       ||     5
       Chain mail        |       |       |       |    34 ||    34
Dodge: Dodged            |     7 |    32 |   134 |   105 ||   278
Block: Shield            |    27 |    64 |   232 |   165 ||   488

Vault maps used:
D:1:      dpeg_arrival_brainrot
D:2:      minmay_vboxes, uniq_terence
D:3:      kiku_gazebo_garden_becter, dancing_weapons_uskayaw, first_ration,
          minivault_11, minmay_misc_feat_roman, uniq_natasha
D:4:      uniq_sigmund, uniq_menkaure
D:6:      grunt_temple_overflow_open, nemelex_xobeh_ov_fountains_minmay,
          kennysheep_little_box, minmay_temple_entry_statues_pillars
D:7:      cheibrodos_shockbox
D:8:      hangedman_ranch, st_stairs_9, kennysheep_big_empty_room
Temple:   nicolae_temple_figure_eight
Lair:1:   kennysheep_rathole
Lair:2:   roderic_carrion_pond
Lair:3:   nicolae_spider_entry_non_spiders, portal_ice_cave_entry_pillars_1,
          ice2_lemuel, serial_bayou_shore_a
IceCv:    ice_cave_caverns_03
